 Dungeon Crawl Stone Soup version 0.31-a0-204-g7da18cac08 (webtiles) character file.

Game seed: 18126506489921097293

52 qw the Shooter (level 3, -1/20 HPs)
             Began as a Deep Elf Hunter on June 27, 2023.
             Slain by a kobold
             ... wielding a +0 whip
              (5 damage)
             ... on level 2 of the Dungeon.
             The game lasted 00:00:23 (941 turns).

qw the Shooter (Deep Elf Hunter)                     Turns: 941, Time: 00:00:24

Health: -1/20      AC:  7    Str: 10    XL:     3   Next: 60%
Magic:  5/5        EV: 11    Int: 13    God:
Gold:   141        SH:  0    Dex: 18    Spells: 2/2 levels left

rFire   . . .        Y - +0 shortbow
rCold   . . .        (shield currently unavailable)
rNeg    . . .        e - +0 ring mail
rPois   .            a - +1 helmet
rElec   .            (no cloak)
rCorr   .            (no gloves)
SInv    .            (no boots)
Will    .....        (no amulet)
Stlth   +            (no ring)
HPRegen 0.23/turn    (no ring)
MPRegen 0.09/turn

%: no passive effects
@: no status effects
A: no striking features
a: no special abilities


You were on level 2 of the Dungeon.
You visited 1 branch of the dungeon, and saw 2 of its levels.

You collected 141 gold pieces.


   Skills:
 - Level 1.5 Fighting
 + Level 7.1 Ranged Weapons
 - Level 2.4 Dodging
 - Level 1.2 Stealth


You had 2 spell levels left.
You didn't know any spells.
Your spell library was empty.

Inventory:

Hand Weapons
 Y - a +0 shortbow (weapon)
Armour
 a - a +1 helmet (worn)
 e - a +0 ring mail (worn)
Jewellery
 b - an amulet of guardian spirit
 c - an amulet of faith
Potions
 f - a potion of lignification {unknown}
 g - a potion of might
 i - 2 potions of curing
 j - a potion of degeneration {unknown}
 k - a potion of attraction {unknown}

Dungeon Overview and Level Annotations

Branches:
Dungeon (2/15)

Altars:

Shops:
D:1 [


Message History

The adder barely misses you. The kobold hits you but does no damage.
You shoot an arrow. The arrow closely misses the adder.
The adder barely misses you. The kobold barely misses you.
You shoot an arrow. The arrow closely misses the adder.
The adder bites you but does no damage. x2; The kobold barely misses you.
You shoot an arrow. The arrow hits the adder.
The adder is severely wounded.
The adder closely misses you. The kobold hits you with a +0 whip.
The adder barely misses you.
You shoot an arrow.
The arrow hits the adder but does no damage.
The adder is heavily wounded.
The kobold misses you. The adder bites you but does no damage.
You shoot an arrow. The arrow hits the adder!
You kill the adder!
The kobold hits you but does no damage. The kobold barely misses you.
Your Ranged Weapons skill increases to level 7!
You shoot an arrow.
The arrow hits the kobold but does no damage.
The kobold hits you with a +0 whip.
You shoot an arrow. The arrow hits the kobold.
The kobold is heavily wounded.
The kobold hits you but does no damage.
You shoot an arrow.
The arrow hits the kobold but does no damage.
The kobold is heavily wounded.
The kobold barely misses you.
You shoot an arrow. The arrow barely misses the kobold.
The kobold closely misses you. The kobold hits you with a +0 whip.
You shoot an arrow.
The arrow hits the kobold but does no damage.
The kobold is heavily wounded.
The kobold misses you.
You shoot an arrow. The arrow barely misses the kobold.
The kobold hits you with a +0 whip.
You shoot an arrow. The arrow barely misses the kobold.
The kobold hits you but does no damage.
You shoot an arrow. The arrow closely misses the kobold.
The kobold hits you with a +0 whip.
You die...

#.# ####.#.# #.# #......#####
######.## #..........# #
#.......# #.....####.#+####
#.......# #.....<..#.......
#.......#########.....##.#.......
#.......#........................
#.......#>...........#...........
#...............@.####.#.........
######.#.....###K%# #. ###.#'####
#.#.....# ~..~~# ...#.# #
#.#.....#~##.#~# #####.#
#......(#~..##~# .. #.####
#######.#~##..~# #.#.....
###~#.##~# #...#### #~~~~~~#
#....... #.......


You could see a kobold.

Vanquished Creatures
  2 adders (D:2)
  A dart slug (D:1)
  A ball python (D:1)
  4 bats
  2 endoplasms (D:2)
  4 giant cockroaches
  2 goblins (D:1)
  2 jackals (D:2)
  A kobold (D:1)
  3 quokkas (D:1)
  A frilled lizard (D:1)
  6 rats (D:1)
29 creatures vanquished.

Notes
Turn   | Place    | Note
-------+----------+-------------------------------------------
     0 | D:1      | qw the Deep Elf Hunter began the quest for the Orb.
     0 | D:1      | Reached XP level 1. HP: 12/12 MP: 3/3
     0 | D:1      | 0 ||| qw: Version: 0.3-a-22-g0ed2b0b
     0 | D:1      | 0 ||| qw: Game counter: 6433
     0 | D:1      | 0 ||| qw: Melee chars always use a shield: true
     0 | D:1      | 0 ||| qw: God list: Okawaru
     0 | D:1      | 0 ||| qw: Allow faded altars: false
     0 | D:1      | 0 ||| qw: Do Orc after clearing Dungeon:15 true
     0 | D:1      | 0 ||| qw: Do second Lair branch before Depths: true
     0 | D:1      | 0 ||| qw: Lair rune preference: random
     0 | D:1      | 0 ||| qw: Goals: Normal
     0 | D:1      | 0 ||| PLANNING D:1-11
    97 | D:1      | Found Ydghast's Armour Shoppe.
   118 | D:1      | 118 ||| SHOPLISTING +1 pair of boots of the Black Moon
                  | {Str+2} (227 gold, have 31).
   118 | D:1      | 118 ||| SHOPLISTING +2 robe of fire resistance (194 gold,
                  | have 31).
   163 | D:1      | Reached XP level 2. HP: 16/16 MP: 4/4
   175 | D:1      | Reached skill level 6 in Ranged Weapons
   563 | D:1      | 563 ||| UPGRADING to +0 ring mail.
   573 | D:1      | 573 ||| DROPPING +0 leather armour.
   574 | D:1      | 574 ||| DROPPING ring of magical power.
   575 | D:1      | 575 ||| READING scroll labelled FUOS FORGHEMIA.
   576 | D:1      | 576 ||| READING scroll labelled APTIZU JOSYUHI.
   577 | D:1      | 577 ||| DRINKING 2 bubbling pink potions.
   578 | D:1      | 578 ||| DRINKING 3 brown potions.
   579 | D:1      | 579 ||| DROPPING scroll of butterflies.
   683 | D:2      | Reached XP level 3. HP: 14/20 MP: 5/5
   836 | D:2      | Identified the +4 war axe "Velis" {heavy, rC+ Dex+6}
   915 | D:2      | 915 ||| UPGRADING to +1 helmet.
   934 | D:2      | Reached skill level 7 in Ranged Weapons
   939 | D:2      | HP: 4/20 [kobold/+0 whip (4)]
   941 | D:2      | Slain by a kobold

Levels and vault maps discovered:
D:1:      minmay_arrival_checkered_box, layout_basic, serial_shops, shop
D:2:      layout_basic, kennysheep_generic_room_12

Skill      XL: |  1  2  3 |
---------------+----------+-----
Ranged Weapons | 6 7 |  7.1
Fighting       | |  1.5
Dodging        | |  2.4
Stealth        | |  1.2

Action                     || total
---------------------------++-------
   Fire: Shortbow          ||    87
    Use: Scroll            ||     2
         Potion            ||     2
 Armour: Ring mail         ||    21
  Dodge: Dodged            ||    32

Table legend:
 A = Non-vault XP
 B = Vault XP
 C = Vault XP percentage of total XP
 D = Non-vault monster count
 E = Vault monster count
 F = Vault count percentage of total count
                 A         B        C        D         E       F
            +---------+---------+-------+---------+---------+-------
      Total |      75 |       0 |   0.0 |      29 |       0 |   0.0
            +---------+---------+-------+---------+---------+-------
        D:1 |      36 |       0 |   0.0 |      21 |       0 |   0.0
        D:2 |      39 |       0 |   0.0 |       8 |       0 |   0.0
            +---------+---------+-------+---------+---------+-------
